Connexion

Penguins vs Bruins

Created - 2 février 2024 at 05:47

Goals
1 2 3 OT1 T
Penguins 3 2 0 1 6
Bruins 1 2 2 0 5
Shots
1 2 3 OT1 T
Penguins 13 11 9 4 37
Bruins 9 12 17 1 39

GoalsPenalties
1st period
1. Penguins , Jason Dickinson 23 (Steven Fogarty 34, Andreas Englund 37) at 1:47
2. Bruins , Adam Musil 2 (Tyler Weiss 7, Reilly Walsh 36) at 15:49
3. Penguins , Joseph Blandisi 15 (Rhett Gardner 20) at 17:41
4. Penguins , Andreas Englund 9 (Gerald Mayhew 28, Jason Dickinson 26) at 17:59
Dylan Gambrell (WBS) for Slashing (Minor) at 5:47
2nd period
5. Penguins , Adam Clendening 2 (Karson Kuhlman 39, Keaton Middleton 15) at 2:06
6. Bruins , Michael Teply 13 (Ryan O'Reilly 11, Jakob Forsbacka-Karlsson 10) at 10:02
7. Penguins , Jason Dickinson 24 (Keaton Middleton 16, Adam Clendening 22) at 12:08
8. Bruins , Josh Brook 3 (Matej Stransky 14, Hunter Shinkaruk 26) at 18:45
Michal Kempny (PRO) for Roughing (Minor) at 11:46
Liam O'Brien (WBS) for Holding (Minor) at 11:46
3rd period
9. Bruins , Josh Brook 4 (Reid Boucher 17, Julius Honka 25) at 8:11 (PP)
10. Bruins , Josh Brook 5 (Jansen Harkins 38, Julius Honka 26) at 15:13
Alan Quine (WBS) for Interference (Minor) at 6:21
Bryce Kindopp (PRO) for High sticking (Minor) at 9:32
Overtime #1
11. Penguins , Jason Dickinson 25 (Adam Clendening 23, Joseph Blandisi 31) at 2:34
No Penalty
Goalie Stats
Marek Langhamer (WBS), 34 saves from 39 shots - (0,872), W, 25-27-6, 62:35 minutes
Eric Comrie (PRO), 19 saves from 21 shots - (0,905), OTL, 2-8-1, 40:29 minutes
Joey Daccord (PRO), 12 saves from 16 shots - (0,750), 22:06 minutes
3 StarsOfficial
1 - Jason Dickinson (WBS)
2 - Josh Brook (PRO)
3 - Adam Clendening (WBS)
Referees : Kelly Sutherland and Dave Jackson
Linesman : Jonny Murray and Ryan Galloway
Game Note
Eric Comrie enters game at 2:06 of 2nd period
Josh Brook has scored a Hat Trick!
Jason Dickinson has scored a Hat Trick!
Finance
Level 1 -- Attendance: 1945 (97,25%) -- Ticket Income $68,075
Level 2 -- Attendance: 995 (99,50%) -- Ticket Income $14,925
Total Attendance: 2940 (98,00%)
Total Ticket Income: $83,000
Other Income: $16,600
Total Income: $99,600



Team Name Goals Shots Shots Attemp Shots Blocked PIM HIT PP PK FO%
Penguins 63763146240 / 1 (0%)152%
Bruins 5398884191 / 2 (50%)048%

Penguins
Player Name POS G A P +/- PIM HIT SHT SB MP PP MP PP SHT PK MP PK SHT FO% FOT
Adam ClendeningD1232012022:021:0011:4100% 0
Alan QuineC/LW/RW000-120118:460:0000:000100% 1
Andreas EnglundD1121002023:020:5902:0800% 0
Brian HartLW/RW000-100017:140:0000:0000% 1
Dylan GambrellC/RW000-123207:130:0000:00057% 7
Dylan McIlrathD000-1003115:580:0000:0000% 0
Gerald MayhewC/RW0113025021:361:0002:00042% 33
Jason DickinsonC/LW3144055124:261:0002:29067% 6
Joseph BlandisiC/LW1122014118:430:5900:44068% 22
Karson KuhlmanC/RW0111013016:140:5900:000100% 1
Keaton MiddletonD0221001521:001:0001:4100% 0
Kevin BahlD000-1030215:580:0000:0000% 0
Liam O'BrienC/LW000-2252013:130:0001:10040% 10
Marian StudenicRW000-2002012:240:0000:0000% 1
Mikhail MaltsevLW000-2000012:040:0000:0000% 1
Rhett GardnerC/LW0111022016:140:5900:000100% 1
Steven FogartyC/RW0112003021:121:0001:15033% 3
Steven SantiniD0001010224:350:5902:0800% 0
Bruins
Player Name POS G A P +/- PIM HIT SHT SB MP PP MP PP SHT PK MP PK SHT FO% FOT
Adam MusilC101100108:020:0000:00045% 11
Bryce KindoppRW000-1223019:121:5400:00050% 2
Connor ChathamRW000100108:020:0000:0000% 0
Darren DietzD0000020016:190:0000:0000% 0
Hunter ShinkarukC/LW/RW0110003017:190:5600:000100% 1
Igor ShvyrevC0000011018:000:5600:00040% 20
Jakob Forsbacka-KarlssonC011-2002016:220:5921:41037% 19
Jansen HarkinsC011-1012020:471:5410:54060% 25
Jesse GrahamD0000022016:240:0000:0000% 0
Josh BrookD303-1015122:022:1430:5100% 0
Julius HonkaD022-2012322:392:1420:5100% 0
Matej StranskyLW/RW0110034017:190:5600:0000% 0
Michael TeplyLW101-2025015:460:5921:05067% 6
Michal KempnyD0000212222:331:3501:0800% 0
Reid BoucherC/LW/RW011-1003019:061:5410:0000% 0
Reilly WalshD0110002222:371:3511:0800% 0
Ryan O'ReillyRW0110001012:160:5900:000100% 1
Tyler WeissLW011103009:000:0000:1800% 2



Play-by-Play

1st period


0:01 of 1st period - Jansen Harkins wins face-off versus Gerald Mayhew in neutral zone.
0:15 of 1st period - Icing by Michal Kempny.
0:16 of 1st period - Jansen Harkins wins face-off versus Joseph Blandisi in Bruins zone.
0:16 of 1st period - Jansen Harkins is hit by Karson Kuhlman.
0:36 of 1st period - Shot by Karson Kuhlman.
0:36 of 1st period - Stopped by Joey Daccord without a rebound.
0:37 of 1st period - Igor Shvyrev wins face-off versus Liam O'Brien in Bruins zone.
0:43 of 1st period - Josh Brook is hit by Kevin Bahl and loses puck.
1:01 of 1st period - Josh Brook is hit by Liam O'Brien and loses puck.
1:41 of 1st period - Icing by Jesse Graham.
1:42 of 1st period - Gerald Mayhew wins face-off versus Jakob Forsbacka-Karlsson in Bruins zone.
1:47 of 1st period - Shot by Jason Dickinson.
1:47 of 1st period - Goal by Jason Dickinson - Penguins : 1 - Bruins : 0.
1:48 of 1st period - Gerald Mayhew wins face-off versus Adam Musil in neutral zone.
2:07 of 1st period - Shot by Gerald Mayhew.
2:07 of 1st period - Shot Misses the Net.
2:09 of 1st period - Shot by Andreas Englund.
2:09 of 1st period - Stopped by Joey Daccord with a rebound.
2:13 of 1st period - Shot by Gerald Mayhew.
2:13 of 1st period - Stopped by Joey Daccord without a rebound.
2:14 of 1st period - Rhett Gardner wins face-off versus Jansen Harkins in Bruins zone.
2:14 of 1st period - Karson Kuhlman is hit by Darren Dietz and loses puck.
2:29 of 1st period - Bryce Kindopp is hit by Rhett Gardner and loses puck.
2:46 of 1st period - Off-side.
2:47 of 1st period - Dylan Gambrell wins face-off versus Jakob Forsbacka-Karlsson in neutral zone.
3:19 of 1st period - Shot by Ryan O'Reilly.
3:19 of 1st period - Stopped by Marek Langhamer with a rebound.
3:21 of 1st period - Shot by Jakob Forsbacka-Karlsson.
3:21 of 1st period - Shot Misses the Net.
3:23 of 1st period - Shot by Reilly Walsh.
3:23 of 1st period - Shot Misses the Net.
3:27 of 1st period - Shot by Jakob Forsbacka-Karlsson.
3:27 of 1st period - Shot Misses the Net.
3:41 of 1st period - Icing by Matej Stransky.
3:42 of 1st period - Igor Shvyrev wins face-off versus Gerald Mayhew in Bruins zone.
3:42 of 1st period - Igor Shvyrev is hit by Jason Dickinson.
5:32 of 1st period - Shot by Liam O'Brien.
5:32 of 1st period - Stopped by Joey Daccord without a rebound.
5:33 of 1st period - Adam Musil wins face-off versus Dylan Gambrell in Bruins zone.
5:33 of 1st period - Adam Musil is hit by Dylan Gambrell.
5:47 of 1st period - Minor Penalty to Dylan Gambrell for Slashing.
5:48 of 1st period - Gerald Mayhew wins face-off versus Igor Shvyrev in Penguins zone.
7:16 of 1st period - Shot by Josh Brook.
7:16 of 1st period - Stopped by Marek Langhamer with a rebound.
7:18 of 1st period - Shot by Josh Brook.
7:18 of 1st period - Stopped by Marek Langhamer without a rebound.
7:19 of 1st period - Jansen Harkins wins face-off versus Gerald Mayhew in Penguins zone.
7:20 of 1st period - Shot by Reid Boucher.
7:20 of 1st period - Shot Blocked by Keaton Middleton.
7:38 of 1st period - Shot by Jansen Harkins.
7:38 of 1st period - Stopped by Marek Langhamer with a rebound.
7:40 of 1st period - Shot by Reid Boucher.
7:40 of 1st period - Shot Blocked by Jason Dickinson.
7:44 of 1st period - Shot by Jansen Harkins.
7:44 of 1st period - Shot Misses the Net.
7:46 of 1st period - Shot by Julius Honka.
7:46 of 1st period - Stopped by Marek Langhamer with a rebound.
7:55 of 1st period - Icing by Jesse Graham.
7:56 of 1st period - Karson Kuhlman wins face-off versus Jakob Forsbacka-Karlsson in Bruins zone.
8:04 of 1st period - Off-side.
8:05 of 1st period - Adam Musil wins face-off versus Marian Studenic in neutral zone.
8:14 of 1st period - Shot by Tyler Weiss.
8:14 of 1st period - Shot Misses the Net.
8:16 of 1st period - Shot by Connor Chatham.
8:16 of 1st period - Stopped by Marek Langhamer with a rebound.
8:34 of 1st period - Shot by Marian Studenic.
8:34 of 1st period - Stopped by Joey Daccord without a rebound.
8:35 of 1st period - Joseph Blandisi wins face-off versus Igor Shvyrev in Bruins zone.
8:47 of 1st period - Shot by Joseph Blandisi.
8:47 of 1st period - Shot Misses the Net.
8:49 of 1st period - Shot by Karson Kuhlman.
8:49 of 1st period - Stopped by Joey Daccord with a rebound.
8:51 of 1st period - Shot by Dylan McIlrath.
8:51 of 1st period - Stopped by Joey Daccord without a rebound.
8:52 of 1st period - Jason Dickinson wins face-off versus Jakob Forsbacka-Karlsson in Bruins zone.
8:52 of 1st period - Steven Santini is hit by Josh Brook and loses puck.
8:56 of 1st period - Icing by Josh Brook.
8:57 of 1st period - Jakob Forsbacka-Karlsson wins face-off versus Gerald Mayhew in Bruins zone.
8:57 of 1st period - Josh Brook is hit by Jason Dickinson and loses puck.
9:25 of 1st period - Gerald Mayhew is hit by Michael Teply and loses puck.
9:33 of 1st period - Gerald Mayhew is hit by Julius Honka and loses puck.
9:39 of 1st period - Icing by Josh Brook.
9:40 of 1st period - Joseph Blandisi wins face-off versus Michael Teply in Bruins zone.
10:27 of 1st period - Josh Brook is hit by Kevin Bahl and loses puck.
10:52 of 1st period - Shot by Bryce Kindopp.
10:52 of 1st period - Stopped by Marek Langhamer without a rebound.
10:53 of 1st period - Jason Dickinson wins face-off versus Igor Shvyrev in Penguins zone.
11:06 of 1st period - Shot by Igor Shvyrev.
11:06 of 1st period - Shot Misses the Net.
11:08 of 1st period - Shot by Igor Shvyrev.
11:08 of 1st period - Shot Misses the Net.
12:12 of 1st period - Shot by Jansen Harkins.
12:12 of 1st period - Shot Blocked by Keaton Middleton.
12:16 of 1st period - Shot by Reid Boucher.
12:16 of 1st period - Shot Misses the Net.
12:18 of 1st period - Shot by Reid Boucher.
12:18 of 1st period - Shot Misses the Net.
12:20 of 1st period - Shot by Reilly Walsh.
12:20 of 1st period - Shot Blocked by Keaton Middleton.
12:22 of 1st period - Shot by Reilly Walsh.
12:22 of 1st period - Shot Blocked by Alan Quine.
12:24 of 1st period - Shot by Jansen Harkins.
12:24 of 1st period - Shot Blocked by Brian Hart.
12:26 of 1st period - Shot by Reilly Walsh.
12:26 of 1st period - Shot Misses the Net.
13:03 of 1st period - Alan Quine is hit by Tyler Weiss and loses puck.
13:33 of 1st period - Reilly Walsh is hit by Joseph Blandisi.
14:16 of 1st period - Steven Santini is hit by Jesse Graham and loses puck.
14:25 of 1st period - Steven Fogarty is hit by Igor Shvyrev and loses puck.
14:32 of 1st period - Shot by Igor Shvyrev.
14:32 of 1st period - Shot Misses the Net.
14:59 of 1st period - Icing by Kevin Bahl.
15:00 of 1st period - Liam O'Brien wins face-off versus Jansen Harkins in Penguins zone.
15:47 of 1st period - Shot by Tyler Weiss.
15:47 of 1st period - Shot Blocked by Joseph Blandisi.
15:49 of 1st period - Shot by Adam Musil.
15:49 of 1st period - Goal by Adam Musil - Penguins : 1 - Bruins : 1.
15:50 of 1st period - Gerald Mayhew wins face-off versus Jakob Forsbacka-Karlsson in neutral zone.
15:53 of 1st period - Shot by Steven Fogarty.
15:53 of 1st period - Shot Misses the Net.
15:55 of 1st period - Shot by Gerald Mayhew.
15:55 of 1st period - Stopped by Joey Daccord without a rebound.
15:56 of 1st period - Joseph Blandisi wins face-off versus Tyler Weiss in Bruins zone.
16:03 of 1st period - Darren Dietz is hit by Rhett Gardner and loses puck.
16:37 of 1st period - Icing by Jesse Graham.
16:38 of 1st period - Gerald Mayhew wins face-off versus Adam Musil in Bruins zone.
16:46 of 1st period - Steven Fogarty is hit by Darren Dietz and loses puck.
17:04 of 1st period - Steven Fogarty is hit by Bryce Kindopp and loses puck.
17:14 of 1st period - Shot by Steven Fogarty.
17:14 of 1st period - Shot Misses the Net.
17:16 of 1st period - Shot by Andreas Englund.
17:16 of 1st period - Shot Blocked by Reilly Walsh.
17:18 of 1st period - Shot by Gerald Mayhew.
17:18 of 1st period - Stopped by Joey Daccord without a rebound.
17:19 of 1st period - Igor Shvyrev wins face-off versus Liam O'Brien in Bruins zone.
17:19 of 1st period - Igor Shvyrev is hit by Liam O'Brien.
17:24 of 1st period - Julius Honka is hit by Liam O'Brien and loses puck.
17:34 of 1st period - Icing by Igor Shvyrev.
17:35 of 1st period - Igor Shvyrev wins face-off versus Joseph Blandisi in Bruins zone.
17:37 of 1st period - Icing by Hunter Shinkaruk.
17:38 of 1st period - Joseph Blandisi wins face-off versus Igor Shvyrev in Bruins zone.
17:39 of 1st period - Shot by Rhett Gardner.
17:39 of 1st period - Shot Blocked by Julius Honka.
17:41 of 1st period - Shot by Rhett Gardner.
17:41 of 1st period - Deflect By Joseph Blandisi.
17:41 of 1st period - Goal by Joseph Blandisi - Penguins : 2 - Bruins : 1.
17:42 of 1st period - Gerald Mayhew wins face-off versus Jansen Harkins in neutral zone.
17:45 of 1st period - Shot by Jason Dickinson.
17:45 of 1st period - Shot Blocked by Michal Kempny.
17:57 of 1st period - Shot by Gerald Mayhew.
17:57 of 1st period - Stopped by Joey Daccord with a rebound.
17:59 of 1st period - Shot by Andreas Englund.
17:59 of 1st period - Goal by Andreas Englund - Penguins : 3 - Bruins : 1.
18:00 of 1st period - Igor Shvyrev wins face-off versus Joseph Blandisi in neutral zone.
19:09 of 1st period - Shot by Jansen Harkins.
19:09 of 1st period - Stopped by Marek Langhamer without a rebound.
19:10 of 1st period - Liam O'Brien wins face-off versus Jakob Forsbacka-Karlsson in Penguins zone.
Goals for this period are 3 for Penguins vs 1 for Bruins.
Shots for this period are 13 for Penguins vs 9 for Bruins.

2nd period


0:01 of 2nd period - Jansen Harkins wins face-off versus Gerald Mayhew in neutral zone.
1:08 of 2nd period - Shot by Matej Stransky.
1:08 of 2nd period - Stopped by Marek Langhamer without a rebound.
1:09 of 2nd period - Jakob Forsbacka-Karlsson wins face-off versus Joseph Blandisi in Penguins zone.
1:12 of 2nd period - Shot by Jakob Forsbacka-Karlsson.
1:12 of 2nd period - Deflect By Michael Teply.
1:12 of 2nd period - Stopped by Marek Langhamer without a rebound.
1:13 of 2nd period - Joseph Blandisi wins face-off versus Jakob Forsbacka-Karlsson in Penguins zone.
1:13 of 2nd period - Joseph Blandisi is hit by Michael Teply.
1:18 of 2nd period - Rhett Gardner is hit by Jesse Graham and loses puck.
1:27 of 2nd period - Shot by Joseph Blandisi.
1:27 of 2nd period - Stopped by Joey Daccord without a rebound.
1:28 of 2nd period - Hunter Shinkaruk wins face-off versus Liam O'Brien in Bruins zone.
1:28 of 2nd period - Hunter Shinkaruk is hit by Liam O'Brien.
1:44 of 2nd period - Shot by Matej Stransky.
1:44 of 2nd period - Stopped by Marek Langhamer with a rebound.
1:46 of 2nd period - Shot by Michal Kempny.
1:46 of 2nd period - Stopped by Marek Langhamer with a rebound.
1:48 of 2nd period - Shot by Igor Shvyrev.
1:48 of 2nd period - Stopped by Marek Langhamer without a rebound.
1:49 of 2nd period - Joseph Blandisi wins face-off versus Jansen Harkins in Penguins zone.
2:02 of 2nd period - Shot by Karson Kuhlman.
2:02 of 2nd period - Stopped by Joey Daccord with a rebound.
2:04 of 2nd period - Shot by Karson Kuhlman.
2:04 of 2nd period - Shot Blocked by Julius Honka.
2:06 of 2nd period - Shot by Adam Clendening.
2:06 of 2nd period - Goal by Adam Clendening - Penguins : 4 - Bruins : 1.
2:06 of 2nd period - Eric Comrie enters game.
2:07 of 2nd period - Liam O'Brien wins face-off versus Igor Shvyrev in neutral zone.
2:07 of 2nd period - Mikhail Maltsev is hit by Matej Stransky and loses puck.
2:12 of 2nd period - Mikhail Maltsev is hit by Matej Stransky and loses puck.
2:38 of 2nd period - Icing by Mikhail Maltsev.
2:39 of 2nd period - Jansen Harkins wins face-off versus Liam O'Brien in Penguins zone.
4:19 of 2nd period - Shot by Igor Shvyrev.
4:19 of 2nd period - Shot Misses the Net.
4:21 of 2nd period - Shot by Matej Stransky.
4:21 of 2nd period - Stopped by Marek Langhamer without a rebound.
4:22 of 2nd period - Joseph Blandisi wins face-off versus Adam Musil in Penguins zone.
4:22 of 2nd period - Joseph Blandisi is hit by Tyler Weiss.
4:28 of 2nd period - Shot by Joseph Blandisi.
4:28 of 2nd period - Stopped by Eric Comrie with a rebound.
4:33 of 2nd period - Off-side.
4:34 of 2nd period - Dylan Gambrell wins face-off versus Jansen Harkins in neutral zone.
4:43 of 2nd period - Shot by Dylan Gambrell.
4:43 of 2nd period - Stopped by Eric Comrie without a rebound.
4:44 of 2nd period - Joseph Blandisi wins face-off versus Igor Shvyrev in Bruins zone.
5:38 of 2nd period - Reid Boucher is hit by Steven Santini and loses puck.
6:01 of 2nd period - Shot by Bryce Kindopp.
6:01 of 2nd period - Stopped by Marek Langhamer without a rebound.
6:02 of 2nd period - Ryan O'Reilly wins face-off versus Gerald Mayhew in Penguins zone.
6:30 of 2nd period - Off-side.
6:31 of 2nd period - Adam Musil wins face-off versus Mikhail Maltsev in neutral zone.
7:49 of 2nd period - Shot by Jason Dickinson.
7:49 of 2nd period - Shot Blocked by Julius Honka.
8:27 of 2nd period - Icing by Adam Clendening.
8:28 of 2nd period - Gerald Mayhew wins face-off versus Igor Shvyrev in Penguins zone.
9:11 of 2nd period - Shot by Steven Santini.
9:11 of 2nd period - Shot Misses the Net.
9:30 of 2nd period - Icing by Kevin Bahl.
9:31 of 2nd period - Dylan Gambrell wins face-off versus Jakob Forsbacka-Karlsson in Penguins zone.
9:38 of 2nd period - Shot by Jakob Forsbacka-Karlsson.
9:38 of 2nd period - Shot Misses the Net.
9:40 of 2nd period - Shot by Darren Dietz.
9:40 of 2nd period - Shot Misses the Net.
9:42 of 2nd period - Shot by Jakob Forsbacka-Karlsson.
9:42 of 2nd period - Shot Blocked by Kevin Bahl.
9:52 of 2nd period - Shot by Ryan O'Reilly.
9:52 of 2nd period - Shot Misses the Net.
9:54 of 2nd period - Shot by Jesse Graham.
9:54 of 2nd period - Shot Misses the Net.
9:56 of 2nd period - Shot by Ryan O'Reilly.
9:56 of 2nd period - Shot Blocked by Dylan McIlrath.
9:58 of 2nd period - Shot by Jakob Forsbacka-Karlsson.
9:58 of 2nd period - Shot Misses the Net.
10:00 of 2nd period - Shot by Ryan O'Reilly.
10:00 of 2nd period - Shot Misses the Net.
10:02 of 2nd period - Shot by Michael Teply.
10:02 of 2nd period - Goal by Michael Teply - Penguins : 4 - Bruins : 2.
10:03 of 2nd period - Jason Dickinson wins face-off versus Adam Musil in neutral zone.
10:39 of 2nd period - Shot by Tyler Weiss.
10:39 of 2nd period - Shot Misses the Net.
11:07 of 2nd period - Shot by Joseph Blandisi.
11:07 of 2nd period - Deflect By Rhett Gardner.
11:07 of 2nd period - Stopped by Eric Comrie with a rebound.
11:09 of 2nd period - Shot by Joseph Blandisi.
11:09 of 2nd period - Shot Misses the Net.
11:11 of 2nd period - Shot by Joseph Blandisi.
11:11 of 2nd period - Stopped by Eric Comrie with a rebound.
11:31 of 2nd period - Shot by Karson Kuhlman.
11:31 of 2nd period - Shot Misses the Net.
11:45 of 2nd period - Shot by Liam O'Brien.
11:45 of 2nd period - Shot Blocked by Michal Kempny.
11:46 of 2nd period - Minor Penalty to Michal Kempny for Roughing.
11:46 of 2nd period - Minor Penalty to Liam O'Brien for Holding.
11:47 of 2nd period - Jakob Forsbacka-Karlsson wins face-off versus Gerald Mayhew in Bruins zone.
11:47 of 2nd period - Jakob Forsbacka-Karlsson is hit by Gerald Mayhew.
11:56 of 2nd period - Icing by Keaton Middleton.
11:57 of 2nd period - Gerald Mayhew wins face-off versus Jakob Forsbacka-Karlsson in Penguins zone.
12:08 of 2nd period - Shot by Jason Dickinson.
12:08 of 2nd period - Goal by Jason Dickinson - Penguins : 5 - Bruins : 2.
12:09 of 2nd period - Gerald Mayhew wins face-off versus Bryce Kindopp in neutral zone.
13:43 of 2nd period - Michael Teply is hit by Jason Dickinson.
13:46 of 2nd period - Icing by Jakob Forsbacka-Karlsson.
13:47 of 2nd period - Adam Musil wins face-off versus Brian Hart in Bruins zone.
13:49 of 2nd period - Tyler Weiss is hit by Dylan Gambrell and loses puck.
13:57 of 2nd period - Tyler Weiss is hit by Kevin Bahl and loses puck.
14:23 of 2nd period - Off-side.
14:24 of 2nd period - Jakob Forsbacka-Karlsson wins face-off versus Liam O'Brien in neutral zone.
14:24 of 2nd period - Jakob Forsbacka-Karlsson is hit by Liam O'Brien.
14:52 of 2nd period - Shot by Liam O'Brien.
14:52 of 2nd period - Deflect By Marian Studenic.
14:52 of 2nd period - Shot Misses the Net.
14:54 of 2nd period - Shot by Liam O'Brien.
14:54 of 2nd period - Shot Blocked by Josh Brook.
15:21 of 2nd period - Off-side.
15:22 of 2nd period - Jansen Harkins wins face-off versus Joseph Blandisi in neutral zone.
15:33 of 2nd period - Shot by Karson Kuhlman.
15:33 of 2nd period - Shot Blocked by Reilly Walsh.
15:35 of 2nd period - Shot by Rhett Gardner.
15:35 of 2nd period - Stopped by Eric Comrie without a rebound.
15:36 of 2nd period - Gerald Mayhew wins face-off versus Igor Shvyrev in Bruins zone.
15:37 of 2nd period - Shot by Keaton Middleton.
15:37 of 2nd period - Stopped by Eric Comrie with a rebound.
16:05 of 2nd period - Shot by Matej Stransky.
16:05 of 2nd period - Stopped by Marek Langhamer without a rebound.
16:06 of 2nd period - Joseph Blandisi wins face-off versus Jansen Harkins in Penguins zone.
16:06 of 2nd period - Dylan McIlrath is hit by Bryce Kindopp and loses puck.
16:52 of 2nd period - Icing by Reilly Walsh.
16:53 of 2nd period - Jansen Harkins wins face-off versus Steven Fogarty in Bruins zone.
16:55 of 2nd period - Icing by Reilly Walsh.
16:56 of 2nd period - Bryce Kindopp wins face-off versus Gerald Mayhew in Bruins zone.
16:56 of 2nd period - Bryce Kindopp is hit by Jason Dickinson.
17:22 of 2nd period - Shot by Hunter Shinkaruk.
17:22 of 2nd period - Stopped by Marek Langhamer without a rebound.
17:23 of 2nd period - Liam O'Brien wins face-off versus Jakob Forsbacka-Karlsson in Penguins zone.
17:48 of 2nd period - Shot by Liam O'Brien.
17:48 of 2nd period - Shot Misses the Net.
18:39 of 2nd period - Shot by Hunter Shinkaruk.
18:39 of 2nd period - Stopped by Marek Langhamer with a rebound.
18:41 of 2nd period - Shot by Matej Stransky.
18:41 of 2nd period - Shot Misses the Net.
18:43 of 2nd period - Shot by Josh Brook.
18:43 of 2nd period - Shot Misses the Net.
18:45 of 2nd period - Shot by Josh Brook.
18:45 of 2nd period - Goal by Josh Brook - Penguins : 5 - Bruins : 3.
18:46 of 2nd period - Jansen Harkins wins face-off versus Gerald Mayhew in neutral zone.
18:46 of 2nd period - Jansen Harkins is hit by Gerald Mayhew.
18:49 of 2nd period - Bryce Kindopp is hit by Jason Dickinson and loses puck.
19:17 of 2nd period - Icing by Steven Santini.
19:18 of 2nd period - Steven Fogarty wins face-off versus Adam Musil in Penguins zone.
19:18 of 2nd period - Steven Fogarty is hit by Tyler Weiss.
19:32 of 2nd period - Shot by Steven Fogarty.
19:32 of 2nd period - Stopped by Eric Comrie without a rebound.
19:33 of 2nd period - Joseph Blandisi wins face-off versus Igor Shvyrev in Bruins zone.
Goals for this period are 2 for Penguins vs 2 for Bruins.
Shots for this period are 11 for Penguins vs 12 for Bruins.

3rd period


0:01 of 3rd period - Jansen Harkins wins face-off versus Gerald Mayhew in neutral zone.
0:03 of 3rd period - Off-side.
0:04 of 3rd period - Jansen Harkins wins face-off versus Gerald Mayhew in neutral zone.
0:16 of 3rd period - Icing by Andreas Englund.
0:17 of 3rd period - Gerald Mayhew wins face-off versus Igor Shvyrev in Penguins zone.
0:17 of 3rd period - Gerald Mayhew is hit by Matej Stransky.
0:25 of 3rd period - Shot by Steven Fogarty.
0:25 of 3rd period - Stopped by Eric Comrie without a rebound.
0:26 of 3rd period - Joseph Blandisi wins face-off versus Jansen Harkins in Bruins zone.
0:41 of 3rd period - Shot by Michal Kempny.
0:41 of 3rd period - Stopped by Marek Langhamer without a rebound.
0:42 of 3rd period - Igor Shvyrev wins face-off versus Gerald Mayhew in Penguins zone.
1:08 of 3rd period - Off-side.
1:09 of 3rd period - Joseph Blandisi wins face-off versus Jansen Harkins in neutral zone.
1:47 of 3rd period - Shot by Reid Boucher.
1:47 of 3rd period - Shot Misses the Net.
1:49 of 3rd period - Shot by Jansen Harkins.
1:49 of 3rd period - Deflect By Reid Boucher.
1:49 of 3rd period - Shot Misses the Net.
2:11 of 3rd period - Shot by Gerald Mayhew.
2:11 of 3rd period - Stopped by Eric Comrie without a rebound.
2:12 of 3rd period - Gerald Mayhew wins face-off versus Jakob Forsbacka-Karlsson in Bruins zone.
2:23 of 3rd period - Shot by Jason Dickinson.
2:23 of 3rd period - Stopped by Eric Comrie without a rebound.
2:24 of 3rd period - Igor Shvyrev wins face-off versus Dylan Gambrell in Bruins zone.
2:26 of 3rd period - Icing by Matej Stransky.
2:27 of 3rd period - Gerald Mayhew wins face-off versus Igor Shvyrev in Bruins zone.
2:36 of 3rd period - Shot by Steven Fogarty.
2:36 of 3rd period - Shot Misses the Net.
3:39 of 3rd period - Shot by Dylan Gambrell.
3:39 of 3rd period - Stopped by Eric Comrie with a rebound.
3:47 of 3rd period - Shot by Alan Quine.
3:47 of 3rd period - Shot Misses the Net.
4:27 of 3rd period - Shot by Rhett Gardner.
4:27 of 3rd period - Shot Misses the Net.
4:29 of 3rd period - Shot by Joseph Blandisi.
4:29 of 3rd period - Shot Misses the Net.
4:31 of 3rd period - Shot by Karson Kuhlman.
4:31 of 3rd period - Shot Misses the Net.
4:49 of 3rd period - Shot by Mikhail Maltsev.
4:49 of 3rd period - Shot Misses the Net.
4:51 of 3rd period - Shot by Mikhail Maltsev.
4:51 of 3rd period - Shot Misses the Net.
4:53 of 3rd period - Shot by Liam O'Brien.
4:53 of 3rd period - Shot Misses the Net.
5:35 of 3rd period - Shot by Bryce Kindopp.
5:35 of 3rd period - Stopped by Marek Langhamer with a rebound.
5:37 of 3rd period - Shot by Reid Boucher.
5:37 of 3rd period - Stopped by Marek Langhamer with a rebound.
5:39 of 3rd period - Shot by Reid Boucher.
5:39 of 3rd period - Shot Misses the Net.
5:41 of 3rd period - Shot by Jansen Harkins.
5:41 of 3rd period - Deflect By Bryce Kindopp.
5:41 of 3rd period - Shot Misses the Net.
5:53 of 3rd period - Jason Dickinson is hit by Jansen Harkins and loses puck.
6:14 of 3rd period - Reilly Walsh is hit by Dylan Gambrell and loses puck.
6:21 of 3rd period - Minor Penalty to Alan Quine for Interference.
6:22 of 3rd period - Jakob Forsbacka-Karlsson wins face-off versus Gerald Mayhew in Penguins zone.
6:35 of 3rd period - Shot by Julius Honka.
6:35 of 3rd period - Stopped by Marek Langhamer with a rebound.
6:37 of 3rd period - Shot by Jakob Forsbacka-Karlsson.
6:37 of 3rd period - Stopped by Marek Langhamer with a rebound.
6:39 of 3rd period - Shot by Jakob Forsbacka-Karlsson.
6:39 of 3rd period - Shot Misses the Net.
6:41 of 3rd period - Shot by Josh Brook.
6:41 of 3rd period - Deflect By Michael Teply.
6:41 of 3rd period - Stopped by Marek Langhamer without a rebound.
6:42 of 3rd period - Gerald Mayhew wins face-off versus Jansen Harkins in Penguins zone.
7:34 of 3rd period - Shot by Jakob Forsbacka-Karlsson.
7:34 of 3rd period - Deflect By Michael Teply.
7:34 of 3rd period - Shot Misses the Net.
7:36 of 3rd period - Shot by Michael Teply.
7:36 of 3rd period - Shot Misses the Net.
7:40 of 3rd period - Shot by Michal Kempny.
7:40 of 3rd period - Shot Blocked by Steven Santini.
7:42 of 3rd period - Shot by Jakob Forsbacka-Karlsson.
7:42 of 3rd period - Stopped by Marek Langhamer without a rebound.
7:43 of 3rd period - Jakob Forsbacka-Karlsson wins face-off versus Steven Fogarty in Penguins zone.
7:46 of 3rd period - Shot by Reilly Walsh.
7:46 of 3rd period - Stopped by Marek Langhamer with a rebound.
7:53 of 3rd period - Shot by Jakob Forsbacka-Karlsson.
7:53 of 3rd period - Shot Misses the Net.
7:57 of 3rd period - Shot by Michael Teply.
7:57 of 3rd period - Stopped by Marek Langhamer without a rebound.
7:58 of 3rd period - Jansen Harkins wins face-off versus Gerald Mayhew in Penguins zone.
8:07 of 3rd period - Shot by Reid Boucher.
8:07 of 3rd period - Stopped by Marek Langhamer with a rebound.
8:09 of 3rd period - Shot by Josh Brook.
8:09 of 3rd period - Shot Misses the Net.
8:11 of 3rd period - Shot by Josh Brook.
8:11 of 3rd period - Goal by Josh Brook - Penguins : 5 - Bruins : 4.
8:12 of 3rd period - Joseph Blandisi wins face-off versus Adam Musil in neutral zone.
9:23 of 3rd period - Off-side.
9:24 of 3rd period - Jansen Harkins wins face-off versus Dylan Gambrell in neutral zone.
9:26 of 3rd period - Bryce Kindopp is hit by Adam Clendening and loses puck.
9:32 of 3rd period - Minor Penalty to Bryce Kindopp for High sticking.
9:33 of 3rd period - Jakob Forsbacka-Karlsson wins face-off versus Gerald Mayhew in Bruins zone.
9:50 of 3rd period - Shot by Adam Clendening.
9:50 of 3rd period - Stopped by Eric Comrie without a rebound.
9:51 of 3rd period - Joseph Blandisi wins face-off versus Tyler Weiss in Bruins zone.
11:37 of 3rd period - Shot by Marian Studenic.
11:37 of 3rd period - Stopped by Eric Comrie without a rebound.
11:38 of 3rd period - Igor Shvyrev wins face-off versus Liam O'Brien in Bruins zone.
11:51 of 3rd period - Shot by Liam O'Brien.
11:51 of 3rd period - Stopped by Eric Comrie without a rebound.
11:52 of 3rd period - Alan Quine wins face-off versus Jansen Harkins in Bruins zone.
12:12 of 3rd period - Shot by Jansen Harkins.
12:12 of 3rd period - Shot Misses the Net.
12:54 of 3rd period - Shot by Hunter Shinkaruk.
12:54 of 3rd period - Stopped by Marek Langhamer without a rebound.
12:55 of 3rd period - Adam Musil wins face-off versus Gerald Mayhew in Penguins zone.
14:04 of 3rd period - Shot by Michal Kempny.
14:04 of 3rd period - Shot Blocked by Keaton Middleton.
14:06 of 3rd period - Shot by Michael Teply.
14:06 of 3rd period - Shot Blocked by Keaton Middleton.
14:08 of 3rd period - Shot by Reilly Walsh.
14:08 of 3rd period - Stopped by Marek Langhamer with a rebound.
15:11 of 3rd period - Shot by Jansen Harkins.
15:11 of 3rd period - Shot Blocked by Kevin Bahl.
15:13 of 3rd period - Shot by Josh Brook.
15:13 of 3rd period - Goal by Josh Brook - Penguins : 5 - Bruins : 5.
15:14 of 3rd period - Dylan Gambrell wins face-off versus Igor Shvyrev in neutral zone.
15:43 of 3rd period - Shot by Matej Stransky.
15:43 of 3rd period - Shot Misses the Net.
15:45 of 3rd period - Shot by Hunter Shinkaruk.
15:45 of 3rd period - Shot Misses the Net.
15:47 of 3rd period - Shot by Jesse Graham.
15:47 of 3rd period - Stopped by Marek Langhamer with a rebound.
15:49 of 3rd period - Shot by Jesse Graham.
15:49 of 3rd period - Stopped by Marek Langhamer without a rebound.
15:50 of 3rd period - Jansen Harkins wins face-off versus Gerald Mayhew in Penguins zone.
15:51 of 3rd period - Shot by Reid Boucher.
15:51 of 3rd period - Shot Misses the Net.
16:24 of 3rd period - Shot by Reid Boucher.
16:24 of 3rd period - Stopped by Marek Langhamer without a rebound.
16:25 of 3rd period - Joseph Blandisi wins face-off versus Jakob Forsbacka-Karlsson in Penguins zone.
16:36 of 3rd period - Shot by Michael Teply.
16:36 of 3rd period - Shot Misses the Net.
16:53 of 3rd period - Rhett Gardner is hit by Michal Kempny and loses puck.
17:28 of 3rd period - Shot by Dylan McIlrath.
17:28 of 3rd period - Stopped by Eric Comrie with a rebound.
17:30 of 3rd period - Shot by Dylan McIlrath.
17:30 of 3rd period - Stopped by Eric Comrie without a rebound.
17:31 of 3rd period - Jansen Harkins wins face-off versus Gerald Mayhew in Bruins zone.
17:35 of 3rd period - Off-side.
17:36 of 3rd period - Jansen Harkins wins face-off versus Gerald Mayhew in neutral zone.
Goals for this period are 0 for Penguins vs 2 for Bruins.
Shots for this period are 9 for Penguins vs 17 for Bruins.

Overtime #1


0:01 of 1st overtime period - Jason Dickinson wins face-off versus Michael Teply in neutral zone.
0:14 of 1st overtime period - Shot by Alan Quine.
0:14 of 1st overtime period - Stopped by Eric Comrie without a rebound.
0:15 of 1st overtime period - Michael Teply wins face-off versus Jason Dickinson in Bruins zone.
0:46 of 1st overtime period - Shot by Jason Dickinson.
0:46 of 1st overtime period - Stopped by Eric Comrie without a rebound.
0:47 of 1st overtime period - Michael Teply wins face-off versus Jason Dickinson in Bruins zone.
1:06 of 1st overtime period - Shot by Jakob Forsbacka-Karlsson.
1:06 of 1st overtime period - Shot Blocked by Steven Santini.
2:00 of 1st overtime period - Shot by Steven Fogarty.
2:00 of 1st overtime period - Stopped by Eric Comrie without a rebound.
2:01 of 1st overtime period - Michael Teply wins face-off versus Joseph Blandisi in Bruins zone.
2:06 of 1st overtime period - Shot by Michael Teply.
2:06 of 1st overtime period - Stopped by Marek Langhamer without a rebound.
2:07 of 1st overtime period - Michael Teply wins face-off versus Joseph Blandisi in Penguins zone.
2:32 of 1st overtime period - Shot by Jason Dickinson.
2:32 of 1st overtime period - Shot Misses the Net.
2:34 of 1st overtime period - Shot by Jason Dickinson.
2:34 of 1st overtime period - Goal by Jason Dickinson - Penguins : 6 - Bruins : 5.
Goals for this period are 1 for Penguins vs 0 for Bruins.
Shots for this period are 4 for Penguins vs 1 for Bruins.